 Dungeon Crawl Stone Soup version 0.28-a0-1412-gf95308ed99 (webtiles) character file.

Game seed: 5520822719437206646

6129 ipx the Thaumaturge (level 10, -11/53 HPs)
             Began as a Deep Elf Ice Elementalist on Jan 6, 2022.
             Was an Initiate of Ashenzari.
             Killed from afar by Maggie (35 damage)
             ... with a bolt of fire
             ... on level 9 of the Dungeon.
             The game lasted 01:07:52 (4033 turns).

ipx the Thaumaturge (Deep Elf Ice Elementalist)     Turns: 4033, Time: 01:07:53

Health: -11/53     AC: 13    Str: 14    XL:     10   Next: 59%
Magic:  23/27      EV: 13    Int: 25    God:    Ashenzari [......]
Gold:   92         SH:  5    Dex: 15    Spells: 20/31 levels left

rFire   . . .      SeeInvis .   b - +1 dagger (elec)
rCold   . . .      Faith    .   E - +0 buckler
rNeg    . . .      Spirit   .   k - +0 ring mail
rPois   .          Reflect  .   (no helmet)
rElec   .          Harm     .   n - +0 cloak
rCorr   .          Rampage  .   u - +2 pair of gloves {Str+3}
Will    +....                   (no boots)
Stlth   +.........              (no amulet)
HPRegen 0.17/turn               T - +6 ring of strength
MPRegen 0.20/turn               H - ring of the Mantic Planets {AC+4, Elem, Bglg} (curse)

@: no status effects
A: no striking features
a: Renounce Religion, Shatter the Chains


You were on level 9 of the Dungeon.
You worshipped Ashenzari.
Ashenzari was noncommittal.
You visited 2 branches of the dungeon, and saw 10 of its levels.

You collected 346 gold pieces.
You spent 254 gold pieces at shops.

Inventory:

Hand Weapons
 b - a +1 dagger of electrocution (weapon)
 q - a +2 dagger of venom
 B - a +2 rapier of venom
Missiles
 v - 7 curare-tipped darts (quivered)
Armour
 d - a +2 pair of gloves of infusion
 k - a +0 ring mail (worn)
 n - a +0 cloak (worn)
 u - a +2 pair of gloves of strength (worn)
 E - a +0 buckler (worn)
Magical Staves
 a - a staff of cold
 h - a staff of death
 G - a staff of earth
Jewellery
 x - a +6 ring of strength
 H - the cursed ring of the Mantic Planets (right hand) {AC+4, Elem, Bglg}
   (You found it on level 7 of the Dungeon)

   [ring of protection]

   AC:        It affects your AC (+4).
   It has a curse which improves the following skills: Elements: Fire Magic, Ice
   Magic, Air Magic and Earth Magic.
   Beguiling: Conjurations, Hexes and Translocations.
 J - an amulet of faith
 T - a +6 ring of strength (left hand)
 W - a ring of wizardry
Wands
 r - a wand of iceblast (2)
 C - a wand of flame (4)
Scrolls
 c - a scroll of fear
 f - a scroll of holy word
 g - a scroll of vulnerability
 j - 4 scrolls of amnesia
 l - 4 scrolls of teleportation
 y - a scroll of blinking
Potions
 e - 2 potions of brilliance
 i - 3 potions of heal wounds
 m - 4 potions of curing
 o - a potion of attraction
 p - a potion of haste
 s - 3 potions of mutation
 t - a potion of might {unknown}
 w - 2 potions of berserk rage
 z - 2 potions of lignification
 A - a potion of magic {unknown}
 D - a potion of invisibility {unknown}
 F - 2 potions of flight


   Skills:
 - Level 2.0 Fighting
 - Level 4.0 Short Blades
 + Level 7.8 Dodging
 - Level 2.4 Stealth
 - Level 4.0 Shields
 + Level 11.2 Spellcasting
 + Level 7.2(7.6) Conjurations
 - Level 8.3(8.7) Ice Magic
 - Level 4.0 Evocations


You had 20 spell levels left.
You knew the following spells:

 Your Spells              Type           Power      Damage    Failure   Level
h - Hailstorm             Conj/Ice       53%        3d12      4%          4
o - Ozocubu's Armour      Ice            55%        N/A       1%          3
r - Frozen Ramparts       Ice            100%       1d12      1%          3
z - Freeze                Ice            100%       1d11      1%          1

Your spell library contained the following spells:

 Spells                   Type           Power      Damage    Failure   Level
 Static Discharge         Conj/Air       33%        N/A       3%          2
 Sticky Flame             Conj/Fire      33%        2d5       24%         4
 Dispel Undead            Necr           14%        3d10      75%         4


Dungeon Overview and Level Annotations

Branches:
Dungeon (9/15)             Temple (1/1) D:7             Orc (0/2) D:9
   Lair: D:8-11

Altars:
Ashenzari

Shops:
D:3 !   D:6 *   D:9 *:

Annotations:
D:9 Maggie


Message History

The centaur zombie misses you.
You hit the centaur zombie.
The centaur zombie is almost destroyed.
The centaur zombie misses you. The centaur zombie closely misses you.
You hit the centaur zombie but do no damage.
The centaur zombie is almost destroyed.
The centaur zombie hits you.
The centaur zombie kicks you but does no damage.
You hit the centaur zombie.
You destroy the centaur zombie!
Unknown command.
Unknown command.
Your icy armour cracks and falls away as you move.
Found a scroll of identify.
Found a metallic pink potion.
I - a scroll of identify
As you read the scroll of identify, it crumbles to dust.
t - a potion of degeneration Drop what? 37/52 slots (_ for help) (? for menu, Esc to quit)
You drop a potion of degeneration.
t - a metallic pink potion You open the door.
There is an open door here.
You open the door.
There is an open door here.
There is an open door here.
There is an open door here.
Maggie the Vainglorious comes into view.
She is wielding a +2 war axe of draining.
Maggie shouts!
Maggie gestures at you while chanting. The bolt of fire hits you.
Throw: 8 darts (curare)
Press: ? - help, Q - select action, (/) - cycle Shift-Dir - straight line, f - Maggie
Aim: Maggie, wielding a +2 war axe of draining and wearing +0 acid dragon scales (59% to hit)
You throw a curare-tipped dart.
The curare-tipped dart completely misses Maggie.
Maggie points at you and mumbles some strange words.
The bolt of fire hits you!!
Ouch! That really hurt!
You die...

...# # #.##. ...# .# #.##. ..##.#
#.... .@...########....
############................
#..........#................
#..........#.##############.
############..###................
..........##'##.@................
..........#...#..#...........#...
..#.......#...'..............#...
..#.......#...#..............#)..
..........#####..................
.................................
..##..............#..............
..##.)............#..........###.
...............#..#..........# .


You could see Maggie.

Vanquished Creatures
  A two-headed ogre (D:9)
  Pikel (D:8)
  A cyclops (D:7)
  Maurice (D:8)
  A troll (D:9)
  Grinder (D:6)
  A shadow (D:9)
  Eustachio (D:6)
  5 yaks (D:9)
  A steam dragon (D:9)
  An orc warrior (D:7)
  A black bear (D:5)
  An ice beast (D:7)
  2 sky beasts (D:4)
  A necrophage (D:4)
  An ogre (D:6)
  2 centaurs (D:9)
  4 lemures (D:8)
  A phantom (D:4)
  A kobold brigand (D:7)
  2 bullfrogs
  A wyvern zombie (D:5)
  5 killer bees (D:7)
  2 troll zombies (D:9)
  8 wights
  2 centaur zombies
  5 hounds
  3 jellies
  3 orc priests
  3 bullfrog skeletons
  3 centaur skeletons
  An iguana (D:6)
  7 orc wizards
  An ogre zombie (D:9)
  A hound skeleton (D:5)
  4 gnolls (D:4)
  15 adders
  A white imp (D:6)
  An adder skeleton (D:5)
  2 worms (D:4)
  A dart slug (D:1)
  20 orcs
  10 ball pythons
  8 endoplasms
  5 giant cockroaches
  10 goblins
  3 hobgoblins
  14 kobolds
  A quokka (D:3)
  3 frilled lizards
  2 goblin zombies (D:9)
  A hobgoblin skeleton (D:9)
  A hobgoblin zombie (D:9)
  7 orc zombies (D:9)
  3 rats
188 creatures vanquished.

Notes
Turn   | Place    | Note
-------+----------+-------------------------------------------
     0 | D:1      | ipx the Deep Elf Ice Elementalist began the quest for the
                  | Orb.
     0 | D:1      | Reached XP level 1. HP: 10/10 MP: 6/6
   163 | D:1      | Reached XP level 2. HP: 15/15 MP: 5/8
   447 | D:2      | Reached skill level 4 in Spellcasting
   447 | D:2      | Reached skill level 5 in Ice Magic
   447 | D:2      | Reached XP level 3. HP: 19/19 MP: 6/10
   451 | D:2      | Learned a level 3 spell: Ozocubu's Armour
   605 | D:2      | Found a faded altar of an unknown god.
   711 | D:3      | Learned a level 3 spell: Frozen Ramparts
   738 | D:3      | Reached XP level 4. HP: 15/24 MP: 5/12
   810 | D:3      | Reached skill level 5 in Spellcasting
   883 | D:3      | Learned a level 4 spell: Hailstorm
   892 | D:3      | Reached XP level 5. HP: 12/28 MP: 6/14
   903 | D:3      | Reached skill level 1 in Conjurations
   929 | D:3      | Found Wumaeruw's Distillery.
   937 | D:3      | Bought a potion of curing for 36 gold pieces
  1000 | D:4      | Noticed a necrophage
  1010 | D:4      | Killed a necrophage
  1011 | D:4      | Reached skill level 6 in Spellcasting
  1011 | D:4      | Reached XP level 6. HP: 26/32 MP: 7/17
  1088 | D:4      | Identified a scroll of acquirement
  1089 | D:4      | Acquired a +2 pair of gloves of infusion
  1125 | D:4      | Noticed a sky beast
  1131 | D:4      | Killed a sky beast
  1160 | D:4      | Noticed a sky beast
  1166 | D:4      | Killed a sky beast
  1167 | D:4      | Reached skill level 1 in Fighting
  1167 | D:4      | Reached XP level 7. HP: 31/38 MP: 8/18
  1346 | D:4      | Reached skill level 7 in Spellcasting
  1418 | D:5      | Entered Level 5 of the Dungeon
  1430 | D:4      | Reached skill level 1 in Evocations
  1642 | D:5      | Reached XP level 8. HP: 31/43 MP: 2/20
  1880 | D:6      | Found Qify's Serpentskin Sales.
  1889 | D:6      | Bought 6 curare-tipped darts for 39 gold pieces
  1889 | D:6      | Bought 6 curare-tipped darts for 39 gold pieces
  2076 | D:6      | Reached skill level 5 in Conjurations
  2076 | D:6      | Noticed Grinder
  2138 | D:6      | Noticed Eustachio
  2195 | D:7      | Noticed a cyclops
  2273 | D:6      | Killed Eustachio
  2486 | D:6      | Paralysed by Grinder for 4 turns
  2496 | D:6      | Killed Grinder
  2497 | D:6      | Reached skill level 1 in Short Blades
  2696 | D:7      | Reached skill level 1 in Shields
  2696 | D:7      | Reached XP level 9. HP: 41/48 MP: 18/22
  2716 | D:7      | Reached skill level 8 in Spellcasting
  2868 | D:7      | Killed a cyclops
  3081 | D:7      | Found a staircase to the Ecumenical Temple.
  3087 | D:7      | Reached skill level 9 in Spellcasting
  3094 | Temple   | Entered the Ecumenical Temple
  3104 | Temple   | Became a worshipper of Ashenzari the Shackled
  3225 | D:8      | Noticed Maurice
  3233 | D:8      | Killed Maurice
  3234 | D:8      | Reached skill level 5 in Dodging
  3366 | D:8      | Noticed Pikel
  3410 | D:8      | Killed Pikel
  3559 | D:9      | Reached skill level 10 in Spellcasting
  3559 | D:9      | Reached XP level 10. HP: 50/53 MP: 22/26
  3566 | D:9      | Found Ikoperch's Book Emporium.
  3624 | D:9      | Found a staircase to the Orcish Mines.
  3685 | D:9      | Noticed a two-headed ogre
  3692 | D:9      | Killed a two-headed ogre
  3772 | D:9      | Found Jost's Assorted Antiques.
  3780 | D:9      | Bought a scroll of identify for 70 gold pieces
  3780 | D:9      | Bought a scroll of identify for 70 gold pieces
  3843 | D:9      | Reached skill level 11 in Spellcasting
  4030 | D:9      | Noticed Maggie
  4033 | D:9      | Killed from afar by Maggie

Illustrated notes

Levels and vault maps discovered:
D:1:      giann_horns, layout_loops_corners
D:2:      layout_basic, basic_altar, chequers_ecumenical_altar_simple_redux
D:3:      layout_rooms, serial_shops,
          nicolae_shop_temple_entry_statues_fountains
D:4:      layout_basic, kennysheep_small_circle
D:5:      layout_loops_cross, mainiacjoe_overflow_alcove_2, grunt_ministairs_1
D:6:      layout_basic, st_stairs_13, nrook_campfire,
          chequers_serial_rivers_micro_d, guppyfry_shop_venom, uniq_grinder,
          uniq_eustachio
D:7:      layout_loops_ring, temple_doors_e, nicolae_shop_fire_sale
          [nicolae_sub_dead_trees], kennysheep_nub, skrybe_limestone_x
D:8:      layout_loops_ring, uniq_pikel, uniq_maurice
D:9:      layout_stronghold, zombieorc2_lemuel, serial_shops, shop,
          nicolae_stop_n_shop_1, shop, uniq_maggie
Temple:   mainiacjoe_temple_hex_bubbles

Skill      XL: |  1  2  3  4  5  6  7  8  9 10 |
---------------+-------------------------------+-----
Spellcasting   | 4 5 6 7 10 11 | 11.2
Ice Magic      | 5 6 7 8 |  8.3
Conjurations   | 2 4 5 7 |  7.2
Fighting       | 1 2 |  2.0
Dodging        | 3 4 6 7 |  7.8
Evocations     | 2 4 |  4.0
Short Blades   | 2 4 |  4.0
Shields        | 1 4 |  4.0
Stealth        | |  2.4

Action                   |  1- 3 |  4- 6 |  7- 9 | 10-12 || total
-------------------------+-------+-------+-------+-------++-------
Melee: Staff             |     5 |    16 |    41 |       ||    62
       Dagger            |     6 |    17 |   117 |    59 ||   199
       Punch             |       |       |     1 |       ||     1
Throw: Dart              |       |       |    21 |     4 ||    25
 Cast: Freeze            |    42 |    17 |    12 |       ||    71
       Frozen Ramparts   |     1 |     8 |    22 |     6 ||    37
       Ozocubu's Armour  |       |     4 |    18 |     6 ||    28
       Hailstorm         |       |       |    13 |     8 ||    21
Invok: Curse Item        |       |       |       |     1 ||     1
Evoke: Wand              |       |       |    19 |    11 ||    30
  Use: Scroll            |       |     4 |    11 |     5 ||    20
 Stab: Sleeping          |     2 |       |       |       ||     2
Armor: Robe              |     2 |       |       |       ||     2
       Ring mail         |     3 |    13 |    76 |    28 ||   120
Dodge: Dodged            |     9 |    10 |   106 |    30 ||   155
Block: Buckler           |       |       |     4 |    11 ||    15

Table legend: (Time is in decaauts)
 A = Elapsed time spent in this place.
 B = Non-inter-level travel time spent in this place.
 C = Inter-level travel time spent in this place.
 D = Time resting spent in this place.
 E = Time spent auto-exploring this place.
 F = Levels seen in this place.
 G = Mean time per level.
                   A        B        C        D        E       F      G
               +--------+--------+--------+--------+--------+-----+--------+
         Total |   4053 |   3888 |    165 |      0 |      0 |  10 |  405.3 |
       Dungeon |   4033 |   3876 |    157 |      0 |      0 |   9 |  448.1 |
        Temple |     19 |     11 |      8 |      0 |      0 |   1 |   19.0 |
               +--------+--------+--------+--------+--------+-----+--------+

Top non-repeatable levels by time:
     D:6: 720 daAuts
     D:7: 561 daAuts
     D:4: 496 daAuts
     D:9: 478 daAuts
     D:1: 403 daAuts
     D:5: 398 daAuts
     D:8: 370 daAuts
     D:3: 311 daAuts
     D:2: 292 daAuts
  Temple: 19 daAuts
